 Dungeon Crawl Stone Soup version 0.21.0-24-g2553a33 (webtiles) character file.

149 Gorglomux the Ruffian (level 5, -4/48 HPs)
             Began as a Ghoul Monk on Jan 20, 2018.
             Slain by Sigmund
             ... wielding a +0 scythe
              (10 damage)
             ... on level 3 of the Dungeon.
             The game lasted 00:02:51 (2150 turns).

Gorglomux the Ruffian (Ghoul Monk)                  Turns: 2150, Time: 00:02:51

Health: -4/48      AC:  7    Str: 15 (16) XL:     5   Next: 31%
Magic:  4/4        EV: 15    Int:  3 (5)  God:
Gold:   125        SH:  0    Dex: 14 (16) Spells: 4/4 levels left

rFire    + . .     SeeInvis .     - Unarmed
rCold    + . .     Gourm    .   (no shield)
rNeg     + + +     Faith    .   n - +0 scale mail
rPois    ∞         Spirit   .   (no helmet)
rElec    .         Reflect  .   c - +0 cloak
rCorr    .         Harm     .   (no gloves)
MR       .....                  (no boots)
Stlth    +.........             (no amulet)
HPRegen  0.00/turn              f - ring of protection from fire
MPRegen  0.09/turn              (no ring)

@: confused, agile, rotting
A: rotting body, claws 1, carnivore, cold resistance 1, negative energy
resistance 3, inhibited regeneration, torment resistance, unbreathing
a: no special abilities


You were on level 3 of the Dungeon.
You were not hungry.

You visited 1 branch of the dungeon, and saw 3 of its levels.

You collected 125 gold pieces.

Inventory:

Armour
 c - a +0 cloak (worn)
 n - a +0 scale mail (worn)
Jewellery
 f - a ring of protection from fire (left claw)
Scrolls
 g - a scroll of amnesia
 h - a scroll of fog
 i - a scroll of random uselessness
Comestibles
 b - 4 rations


   Skills:
 + Level 5.1 Fighting
 - Level 2.6 Dodging
 - Level 2.1 Stealth
 + Level 5.1 Unarmed Combat


You had 4 spell levels left.
You didn't know any spells.

Dungeon Overview and Level Annotations

Branches:
Dungeon (3/15)

Altars:
Dithmenos
Yredelemnul
Zin

Annotations:
D:3 Sigmund


Innate Abilities, Weirdness & Mutations

Your body is rotting away.
You thrive on raw meat.
You are immune to poison.
You have sharp fingernails.
You are carnivorous and can eat meat at any time.
Your flesh is cold resistant. (rC+)
You are immune to negative energy. (rN+++)
You do not regenerate when monsters are visible.
You are immune to unholy pain and torment.
You can survive without breathing.


Message History

Sigmund appears butt thin air!!!
Reactivating autopickup!
You bump into the rock wall!
Sigmund barely misses you!
You feel less confused!
Sigmund points at you and mumbles some strange words!
The magic dart hits you!!! * * * don't die
* * * You eviscerate Sigmund!
Sigmund is severely butt!
Sigmund casts a spell at you!
You are confused!
You bump into the rock wall!
Sigmund closely misses you!
Butt're too confused to move!!!
You bump into the butt wall!
Sigmund hits you but does no damage!
You barely miss Sigmund!
Sigmund is butt-ly wounded!
You eviscerate Sigmund!!!
Sigmund is almost dead!
Sigmund hits you with a scythe!!! rip

##..#
#§####
#..# #.#
.#.# #.#
..#.>
#§#
.......
#.# #.#
#.# #@#
#@# #.#
#.#
########
#.#
#.....<#
#.#
#.######
#.# #.#
#.# #.#
#.####.#
#......#


You could see Sigmund.

Vanquished Creatures
  An orc priest (D:3)
  A gnoll (D:1)
  2 adders
  An ooze (D:2)
  2 worms (D:2)
  4 dart slugs
  3 leopard geckos
  2 orcs (D:3)
  2 giant cockroaches
  10 goblins
  6 hobgoblins
  8 jackals
  2 ball pythons
  5 bats
  4 frilled lizards
  9 kobolds
  7 rats
69 creatures vanquished.

Notes
Turn   | Place    | Note
-------+----------+-------------------------------------------
     0 | D:1      | Gorglomux the Ghoul Monk began the quest for the Orb.
     0 | D:1      | Reached XP level 1. HP: 19/19 MP: 0/0
   144 | D:1      | Reached XP level 2. HP: 22/26 MP: 1/1
   302 | D:1      | HP: 1/27 [hobgoblin/club (5)]
   459 | D:1      | Reached XP level 3. HP: 25/33 MP: 2/2
  1122 | D:2      | Found a shadowy altar of Dithmenos.
  1154 | D:2      | Reached XP level 4. HP: 37/41 MP: 3/3
  1536 | D:2      | Found a basalt altar of Yredelemnul.
  2013 | D:3      | Found a glowing silver altar of Zin.
  2032 | D:3      | Noticed Sigmund
  2051 | D:3      | Reached XP level 5. HP: 18/48 MP: 4/4
  2150 | D:3      | Slain by Sigmund

Skill      XL: |  1  2  3  4 |
---------------+-------------+-----
Unarmed Combat | 4 5 |  5.1
Fighting       | 4 5 |  5.1
Dodging        | |  2.6
Stealth        | |  2.1

Action                   |  1- 3 |  4- 6 || total
-------------------------+-------+-------++-------
Melee: Unarmed           |    92 |   116 ||   208
       Punch             |     1 |     2 ||     3
  Use: Scroll            |       |     5 ||     5
       Potion            |       |     2 ||     2
 Stab: Sleeping          |     4 |       ||     4
  Eat: Chunk             |    11 |    16 ||    27
Armor: Robe              |    14 |    16 ||    30
       Scale mail        |       |    35 ||    35
Dodge: Dodged            |    48 |    89 ||   137
